AoeStats
← Doak

Arena

509752016Analyzed
2v2 RM · 4d ago on Sep 27, 2026· 23m 11s· 4 players
Game mode
Random Map
Map size
Medium (4 player)
Population
200
Speed
Normal
Resources
Standard
Victory
Conquest
Starting age
Dark Age
Ending age
Imperial Age
RankedLock teamsTeams togetherTeam positionsShared explorationLock speedFull tech treeHidden civsTurbo modeCheats
Victory
Defeat
🇺🇸 Koreans · United States
1435
+15
🇺🇸 Saxons · United States
1385
+17
🇬🇧 Cumans · United Kingdom
1437
-17
🇺🇸 Khmer · United States
1393
-15
el_Feist
7:09 Loom
11:05 Feudal Age
12:42 Double-Bit Axe
15:47 Castle Age
13:47 Horse Collar
14:15 Scale Mail Armor
16:18 Forging
16:58 Bow Saw
18:19 Gold Mining
21:23 Chain Mail Armor
23:01 Squires
StayWokeStayBroke
9:31 Feudal Age
9:58 Feudal Age
13:36 Castle Age
12:58 Double-Bit Axe
14:24 Scale Mail Armor
15:11 Loom
19:56 Bow Saw
19:49 Gold Mining
22:58 Squires
some.spiced.ham
9:21 Feudal Age
9:33 Loom
12:28 Castle Age
11:13 Stone Mining
12:42 Loom
21:10 Horse Collar
Doak
9:02 Feudal Age
9:35 Double-Bit Axe
9:32 Horse Collar
20:02 Castle Age
18:28 Scale Barding Armor
19:12 Bloodlines
20:07 Wheelbarrow
19:51 Loom
20:36 Forging
21:09 Chain Barding Armor
21:06 Bow Saw
22:16 Iron Casting
Connection lost

Rejoining the realm…

Still unreachable

The connection could not be restored.

Session expired

The server has moved on; the page needs a fresh start.